 Dungeon Crawl Stone Soup version 0.16.0-17-g811c1d7 (webtiles) character file.

429 esc the Skirmisher (level 6, -10/40 HPs)
             Began as a Gargoyle Monk on Mar 20, 2015.
             Was an Initiate of Ru.
             Shot with an arrow by a centaur (13 damage)
             ... on level 5 of the Dungeon.
             The game lasted 00:07:22 (2528 turns).

esc the Skirmisher (Gargoyle Monk)                  Turns: 2528, Time: 00:07:22

Health: -10/40     AC:  7    Str: 14    XL:     6   Next: 98%
Magic:  8/8        EV: 14    Int: 11    God:    Ru [......]
Gold:   203        SH:  0    Dex: 14    Spells: 1 memorised, 5 levels left

rFire  . . .     SeeInvis .       - Unarmed
rCold  . . .     Clarity  .     a - +1 robe
rNeg   + . .     SustAb   .     (no shield)
rPois  ∞         Gourm    .     (no helmet)
rElec  +         Spirit   .     (no cloak)
rCorr  .         Warding  .     (no gloves)
rMut   .         Stasis   .     (no boots)
MR     +....                    (no amulet)
Stlth  ..........               (no ring)
                                n - ring of protection from magic

@: somewhat resistant to hostile enchantments, extremely unstealthy
A: negative energy resistance 1, regeneration 1, electricity resistance,
unbreathing, petrification resistance, rot immunity, no stealth, AC +4
a: Renounce Religion


You were on level 5 of the Dungeon.
You worshipped Ru.
Ru was noncommittal.
You were not hungry.

You visited 1 branch of the dungeon, and saw 5 of its levels.

You collected 203 gold pieces.

Inventory:

Armour
 a - a +1 robe (worn)
Jewellery
 d - an uncursed ring of ice
 n - a ring of protection from magic (left hand)
 u - an uncursed ring of ice
 w - an uncursed ring of ice
Magical devices
 r - a wand of paralysis (6)
Scrolls
 f - 4 scrolls of remove curse
 l - 2 scrolls of immolation
 v - a scroll of fog
 x - a scroll of teleportation
Potions
 e - a potion of mutation
 g - 2 potions of magic
 i - a potion of haste
 j - a potion of restore abilities
 k - a potion of heal wounds
 m - a potion of invisibility
 p - a potion of ambrosia
 q - a potion of agility
 s - a potion of poison {unknown}
 t - a potion of degeneration {unknown}
Books
 o - a book of Transfigurations

   Spells                             Type                      Level
   a - Stoneskin                      Transmutation/Earth          2
   b - Irradiate                      Conjuration/Transmutation    5
   c - Statue Form                    Transmutation/Earth          6
   d - Hydra Form                     Transmutation                6
   e - Dragon Form                    Transmutation                7
Comestibles
 b - 5 bread rations
 c - 2 chunks of flesh
 h - 2 beef jerkies


   Skills:
 - Level 5.2 Fighting
 - Level 3.8 Dodging
 - Level 5.1 Unarmed Combat
 + Level 1.3 Spellcasting
 + Level 1.2 Transmutations
 + Level 2.1 Earth Magic


You had 5 spell levels left.
You knew the following spells:

 Your Spells              Type           Power        Failure   Level  Hunger
a - Stoneskin             Trmt/Erth      #.......     24%         2    ###....


Dungeon Overview and Level Annotations

Branches:
Dungeon (5/15)
 Temple: D:4-7

Altars:
Fedhas
Nemelex Xobeh
Ru

Shops:
D:4 =


Innate Abilities, Weirdness & Mutations

You are resistant to torment.
You are immune to poison.
Your stone body is very resilient (AC +4).
You resist negative energy.
You are resistant to electric shocks.
You can survive without breathing.
You are immune to petrification.
You are immune to rotting.
You cannot be stealthy.
Your natural rate of healing is unusually fast.


Message History

You hit the centaur!
The centaur is severely wounded.
The centaur hits you.
The orc hits you from afar with a trident.
The centaur hits you but does no damage.
An orc priest comes into view. It is wielding a mace of protection.
The orc priest shouts!
The centaur wields an uncursed shortbow.
The centaur shoots an arrow.
The arrow hits you!
* * * LOW HITPOINT WARNING * * *
The kobold hits you but does no damage.
You see here an arrow.
The centaur shoots an arrow.
The arrow hits you!
* * * LOW HITPOINT WARNING * * *
There is a stone staircase leading up here.
You see here an arrow.
The crimson imp barely misses you. The kobold hits you.
* * * LOW HITPOINT WARNING * * *
The orc barely misses you.
The centaur shoots an arrow.
The arrow hits you!
You die...

. .##.## .....
..######.#.
.......... .
.........#+#.#...
#..........#
#.5Kc(.......
+(@.oo.o...#
#..........#
##########.#


You could see a centaur, an orc priest, a crimson imp, 2 orcs and a kobold.

Vanquished Creatures
  The ghost of timbw the Ducker, an average SpIE (D:4)
  An ogre (D:4)
  A hound (D:4)
  2 orc priests (D:4)
  A hound skeleton (D:4)
  4 gnolls
  3 adders (D:2)
  A worm (D:2)
  2 giant geckos
  An ooze (D:3)
  2 orcs
  8 bats
  10 hobgoblins
  12 kobolds
  4 quokkas
  4 giant cockroaches
  6 giant newts
  8 goblins
  3 jackals
  6 rats
80 creatures vanquished.

Notes
Turn   | Place    | Note
--------------------------------------------------------------
     0 | D:1      | esc, the Gargoyle Monk, began the quest for the Orb.
     0 | D:1      | Reached XP level 1. HP: 14/14 MP: 1/1
    99 | D:1      | Reached XP level 2. HP: 14/20 MP: 2/2
   459 | D:2      | Reached XP level 3. HP: 24/24 MP: 3/3
   672 | D:2      | Reached XP level 4. HP: 21/29 MP: 4/4
  1204 | D:2      | Reached XP level 5. HP: 24/34 MP: 5/5
  1461 | D:3      | Found a blossoming altar of Fedhas.
  1734 | D:3      | Found a sacrificial altar of Ru.
  1902 | D:4      | Gained mutation: Your natural rate of healing is unusually fast. [potion of beneficial mutation]
  1937 | D:4      | Noticed timbw's ghost (average SpIE)
  1942 | D:4      | Killed timbw's ghost
  1942 | D:4      | Reached skill level 5 in Fighting
  1942 | D:4      | Reached skill level 5 in Unarmed Combat
  1942 | D:4      | Reached XP level 6. HP: 38/40 MP: 6/6
  1965 | D:4      | Learned a level 2 spell: Stoneskin
  1989 | D:4      | Found Nantos' Jewellery Shoppe.
  2077 | D:4      | Noticed an ogre
  2083 | D:4      | Killed an ogre
  2083 | D:4      | Reached skill level 1 in Earth Magic
  2177 | D:4      | Reached skill level 1 in Spellcasting
  2177 | D:4      | Reached skill level 1 in Transmutations
  2334 | D:3      | Found a sparkling altar of Nemelex Xobeh.
  2349 | D:3      | Became a worshipper of Ru the Awakened
  2365 | D:4      | Gained mutation: You cannot be stealthy. [Ru sacrifice]
  2518 | D:5      | Entered Level 5 of the Dungeon
  2528 | D:5      | Shot with an arrow by a centaur

Action                   |  1- 3 |  4- 6 || total
-------------------------+-------+-------++-------
Melee: Unarmed           |    63 |   159 ||   222
Invok: Sacrifice Stealth |       |     1 ||     1
Evoke: Wand              |       |     3 ||     3
  Use: Scroll            |     7 |    12 ||    19
       Potion            |       |     1 ||     1
 Stab: Sleeping          |     2 |     3 ||     5
       Paralysed         |       |     2 ||     2
  Eat: Chunk             |       |     5 ||     5
